 Dungeon Crawl Stone Soup version 0.29.1-15-g9cfb28693d (webtiles) character file.

Game seed: 16893955533619291853

291 kingofthe the Conjurer (level 6, 0/36 HPs)
             Began as an Octopode Conjurer on Mar 4, 2023.
             Slain by a river rat (5 damage)
             ... in a sewer.
             The game lasted 00:10:17 (3636 turns).

kingofthe the Conjurer (Octopode Conjurer)          Turns: 3636, Time: 00:10:17

Health: 0/36       AC:  1    Str:  6    XL:     6   Next: 32%
Magic:  8/12       EV: 13    Int: 20    God:
Gold:   81         SH:  0    Dex: 13    Spells: 11/14 levels left

rFire   . . .      SeeInvis .   m - +1 short sword (protect)
rCold   . . .      Faith    .   (no shield)
rNeg    . . .      Spirit   .   (helmet restricted)
rPois   .          Reflect  .   (no amulet)
rElec   .          Harm     .   (no ring)
rCorr   .          Rampage  .   (no ring)
Will    .....                   (no ring)
Stlth   ++++......              (no ring)
HPRegen 0.12/turn               (no ring)
MPRegen 0.13/turn               (no ring)
                                (no ring)
                                (no ring)

@: no status effects
A: almost no armour, amphibious, 8 rings, camouflage 1, gelatinous body 1,
nimble swimmer 1, tentacles
a: no special abilities


You were in a sewer.
You visited 1 branch of the dungeon, and saw 3 of its levels.
You also visited: Sewer.

You collected 81 gold pieces.


Innate Abilities, Weirdness & Mutations

You cannot wear most types of armour.
You are amphibious.
You can wear up to eight rings at the same time.
Your skin changes colour to match your surroundings (Stealth+).
Your rubbery body absorbs attacks. (AC +1, EV +1)
You are camouflaged when in or above water. (Stealth+)
You have tentacles for arms and can constrict up to eight enemies at once.


   Skills:
 - Level 2.1 Dodging
 - Level 2.8 Stealth
 * Level 4.6 Spellcasting
 * Level 5.6 Conjurations


You had 11 spell levels left.
You knew the following spells:

 Your Spells              Type           Power      Damage    Failure   Level
a - Magic Dart            Conj           100%       1d8       1%          1
b - Searing Ray           Conj           54%        2d6       1%          2

Your spell library contained the following spells:

 Spells                   Type           Power      Damage    Failure   Level
 Necrotise                Necr           16%        1d4       12%         1
 Dazzling Flash           Conj/Hex       30%        N/A       12%         3
 Call Canine Familiar     Summ           4%         N/A       36%         3
 Portal Projectile        Hex/Tloc       8%         N/A       36%         3
 Fulminant Prism          Conj/Hex       7%         3d7       36%         4
 Iskenderun's Mystic Bla  Conj/Tloc      15%        2d5       36%         4
 Leda's Liquefaction      Hex/Erth       2%         N/A       77%         4

Inventory:

Hand Weapons
 m - a +1 short sword of protection (weapon)
Wands
 g - a wand of flame (11)
Scrolls
 c - 4 scrolls of identify {unknown}
 e - 3 scrolls of poison {unknown}
 f - a scroll of enchant armour {unknown}
 l - 2 scrolls of amnesia {unknown}
 n - a scroll of brand weapon {unknown}
 p - a scroll of immolation {unknown}
 q - 2 scrolls of teleportation {unknown}
Potions
 a - a potion of magic
 b - a potion of mutation {unknown}
 d - 2 potions of heal wounds {unknown}
 h - 2 potions of degeneration {unknown}
 i - a potion of curing {@q1}
 j - a potion of berserk rage {unknown}
 k - 2 potions of haste {unknown}
 o - a potion of ambrosia {unknown}
 r - 4 potions of flight

Dungeon Overview and Level Annotations

Branches:
Dungeon (3/15)              Sewer (1/1)

Altars:
Makhleb

Annotations:
D:3 1 runed translucent door, Hakkniv's ghost, amateur GrEE

#~≈~# #~≈~# #####++#####~≈~#
.........~.~~~.#
.........r~~~~.#
#####''#####r≈~# #... #r≈.#
#### #rr.# #######
################@≈~###.....###
.~~.~.~~...~~~~~~≈~##..†.....##
≈≈≈≈≈≈≈≈≈≈≈≈≈≈≈≈~≈.####.......#
~~~~~~~~~~~~.~~~~≈~# ###....##
################.≈~####~†....#
#~≈~##~.~†..###
################~≈~..~~.~######
~~~~.~~~.~.~.~~~~≈≈≈~~..≈≈≈≈≈≈#
≈†≈≈≈≈≈≈≈≈≈≈≈≈≈≈≈≈≈≈≈≈≈≈≈≈≈≈≈≈#


You could see 4 river rats.


Message History

The river rat attacks as you move away! The river rat closely misses you.
Casting: Magic Dart (safe; 1% risk of failure)
Confirm with . or Enter, or press ? or * to list all spells.
Aiming: Searing Ray (safe; 1% risk of failure)
Press: ? - help, Shift-Dir - straight line, f - river rat, p - river rat
Aim: a river rat (77% to hit)
The searing ray misses the river rat.
The searing ray hits the river rat!
The river rat is almost dead.
The searing ray hits the river rat.
The river rat is lightly wounded. (Press . to maintain the ray.)
The river rat misses you.
The searing ray hits the river rat.
The river rat is heavily wounded.
The searing ray hits the river rat.
The river rat is severely wounded.
The searing ray hits the river rat but does no damage.
The river rat bites you!
* * * LOW HITPOINT WARNING * * *
The river rat bites you.
* * * LOW HITPOINT WARNING * * *
The searing ray hits the river rat.
The river rat is almost dead.
The searing ray hits the river rat.
The river rat is almost dead.
The river rat bites you.
* * * LOW HITPOINT WARNING * * *
The river rat attacks as you move away! The river rat misses you.
The river rat bites you.
You die...

Skill      XL: |  1  2  3  4  5 |
---------------+----------------+-----
Spellcasting   | 3 4 |  4.6
Conjurations   | 5 |  5.6
Dodging        | |  2.1
Stealth        | |  2.8

Action                   |  1- 3 |  4- 6 || total
-------------------------+-------+-------++-------
Melee: Unarmed           |     3 |     3 ||     6
       Constrict         |     1 |     2 ||     3
       Tentacles         |     1 |     3 ||     4
       Short sword       |       |     5 ||     5
 Cast: Magic Dart        |    33 |   107 ||   140
       Searing Ray       |     2 |    13 ||    15
Armor: Skin              |     1 |     3 ||     4
Dodge: Dodged            |     8 |    23 ||    31

Levels and vault maps discovered:
D:1:      dpeg_arrival_round_a, layout_rooms, serial_aquarium,
          aquarium_bridge_square [aquarium_subvault_bridge,
          aquarium_subvault_wall, aquarium_subvault_wall,
          aquarium_subvault_window], aquarium_window_1, aquarium_window_corner,
          aquarium_view_2f, minmay_misc_feat_more_columns
D:2:      layout_rooms, shapermc_ecumenical_altar_rom_forum,
          columned_hall_lemuel, uniq_natasha, uniq_robin, uniq_jessica
D:3:      layout_basic, makhleb_altar_promises_db,
          hellmonk_ghost_happy_afterlife, serial_bayou, serial_bayou_lake_a,
          serial_bayou_shore_a, serial_bayou_shore_b, serial_bayou_pond_b,
          cheibrodos_sewer_entry_bend, minmay_misc_feat_four_crosses,
          chequers_garden
Sewer:    sewer_fruit_machine

Notes
Turn   | Place    | Note
-------+----------+-------------------------------------------
     0 | D:1      | kingofthe the Octopode Conjurer began the quest for the
                  | Orb.
     0 | D:1      | Reached XP level 1. HP: 11/11 MP: 3/3
   691 | D:2      | Reached XP level 2. HP: 17/17 MP: 3/5
   693 | D:2      | Noticed Robin
   982 | D:2      | Noticed Jessica
   999 | D:1      | Learned a level 2 spell: Searing Ray
  1015 | D:2      | Killed Jessica
  1016 | D:2      | Reached skill level 3 in Spellcasting
  1016 | D:2      | Reached XP level 3. HP: 21/21 MP: 0/7
  1123 | D:2      | Noticed Natasha
  1129 | D:2      | Killed Natasha
  1130 | D:2      | Reached XP level 4. HP: 8/27 MP: 0/9
  1348 | D:2      | Noticed Natasha
  1355 | D:2      | Killed Natasha
  1536 | D:2      | Killed Robin
  1578 | D:2      | Noticed Natasha
  1581 | D:2      | Found a faded altar of an unknown god.
  1836 | D:2      | Killed Natasha
  1837 | D:2      | Reached XP level 5. HP: 31/31 MP: 5/10
  1882 | D:2      | Reached skill level 5 in Conjurations
  1930 | D:2      | Got Plato's Guide on the Undead
  2210 | D:3      | Found a runed translucent door.
  2210 | D:3      | Noticed Hakkniv's ghost (amateur GrEE)
  2404 | D:3      | Reached skill level 4 in Spellcasting
  2731 | D:3      | Reached XP level 6. HP: 36/36 MP: 5/12
  2791 | D:3      | Found a burning altar of Makhleb.
  2843 | D:3      | Found a glowing drain.
  2852 | Sewer    | Entered a sewer
  3636 | Sewer    | Slain by a river rat

Vanquished Creatures
  Jessica (D:2)
  Natasha (thrice) (D:2)
  2 orc wizards (D:3)
  Robin (D:2)
  2 adders
  2 river rats (Sewer)
  4 worms
  A dart slug (D:2)
  4 orcs (D:3)
  12 bats
  An endoplasm (D:2)
  6 giant cockroaches
  9 goblins
  5 hobgoblins (D:2)
  5 jackals
  2 quokkas (Sewer)
  9 ball pythons
  2 frilled lizards
  5 kobolds
  4 rats (D:2)
80 creatures vanquished.

Vanquished Creatures (others)
  3 fungi (D:2)
  23 plants
26 creatures vanquished.

Grand Total: 106 creatures vanquished

Table legend: (Time is in decaauts)
 A = Elapsed time spent in this place.
 B = Non-inter-level travel time spent in this place.
 C = Inter-level travel time spent in this place.
 D = Time resting spent in this place.
 E = Time spent auto-exploring this place.
 F = Levels seen in this place.
 G = Mean time per level.
                   A        B        C        D        E       F      G
               +--------+--------+--------+--------+--------+-----+--------+
         Total |   3640 |   3456 |    184 |    808 |   1972 |   4 |  910.0 |
       Dungeon |   2855 |   2671 |    184 |    709 |   1400 |   3 |  951.7 |
         Sewer |    784 |    784 |      0 |     99 |    572 |   1 |  784.0 |
               +--------+--------+--------+--------+--------+-----+--------+

Top non-repeatable levels by time:
     D:2: 1730 daAuts
   Sewer: 784 daAuts
     D:1: 583 daAuts
     D:3: 542 daAuts

Table legend:
 A = Non-vault XP
 B = Vault XP
 C = Vault XP percentage of total XP
 D = Non-vault monster count
 E = Vault monster count
 F = Vault count percentage of total count
                 A         B        C        D         E       F
            +---------+---------+-------+---------+---------+-------
      Total |     194 |     222 |  53.4 |      32 |      48 |  60.0
            +---------+---------+-------+---------+---------+-------
        D:1 |       6 |       0 |   0.0 |       4 |       0 |   0.0
        D:2 |      94 |     109 |  53.7 |      17 |      14 |  45.2
        D:3 |      94 |      20 |  17.5 |      11 |       4 |  26.7
      Sewer |       0 |      93 | 100.0 |       0 |      30 | 100.0
            +---------+---------+-------+---------+---------+-------
